Map: Dusk Towers

Players

SCwingzero - Winner!

  • Race: Protoss Protoss
  • League: Diamond

ILLBdA

  • Race: Protoss Protoss
  • League: Diamond

VOD

Have the link to the VOD?

Description

Time

  • Played on: Jan. 3, 2016, 8:59 p.m.
  • Length: 4:05
Show
View Real Time Build Order
Export as new Build Order

SCwingzero Protoss - Winner!

Build Orders:  

Get SALT Encoding   

  12  0:01  Probe (Chrono Boost)  
  13  0:13  Pylon  
  13  0:18  Probe (Chrono Boost)  
  14  0:30  Probe (Chrono Boost)  
  14  0:35  Gateway  
  15  0:41  Probe (Chrono Boost)  
  16  0:52  Assimilator  
  16  0:58  Probe (Chrono Boost)  
  16  1:01  Assimilator  
  16  1:03  Assimilator  
  17  1:09  Probe (Chrono Boost)  
  18  1:13  Pylon  
  18  1:22  Cybernetics Core  
  18  1:36  Probe (Chrono Boost)  
  19  1:46  Probe (Chrono Boost)  
  20  1:47  Gateway  
  20  2:01  Mothership Core (Chrono Boost)  
  22  2:03  Pylon  
  22  2:04  Warp Gate  
  22  2:15  Pylon  
  22  2:22  Probe (Chrono Boost), Adept  
  25  2:40  Pylon x2  
  25  2:48  Stalker (Chrono Boost)  
  27  3:19  Stalker (Chrono Boost)  
  31  3:22  Stalker (Chrono Boost)  
  31  3:25  Pylon  
  31  3:27  Stargate  
  31  3:37  Pylon  
  31  3:40  Probe  
Show
View Real Time Build Order
Export as new Build Order

ILLBdA Protoss 

Build Orders: 1 Gate Expand 

Get SALT Encoding   

  12  0:01  Probe (Chrono Boost)  
  13  0:11  Probe (Chrono Boost)  
  14  0:22  Probe (Chrono Boost), Pylon  
  15  0:40  Gateway  
  15  0:44  Probe (Chrono Boost), Assimilator  
  16  0:54  Probe (Chrono Boost)  
  17  1:05  Probe (Chrono Boost)  
  18  1:15  Probe (Chrono Boost)  
  19  1:25  Nexus  
  19  1:36  Cybernetics Core  
  19  1:41  Probe (Chrono Boost)  
  20  1:47  Pylon  
  20  1:53  Zealot  
  22  1:59  Probe (Chrono Boost)  
  23  2:09  Probe (Chrono Boost)  
  23  2:15  Twilight Council  
  24  2:20  Probe (Chrono Boost)  
  24  2:21  Adept  
  27  2:31  Probe  
  28  2:39  Probe  
  28  2:43  Probe  
  30  2:50  Probe  
  30  2:55  Probe  
  32  3:00  Probe  
  33  3:08  Probe  
  34  3:17  Stalker (Chrono Boost)  
  36  3:34  Probe (Chrono Boost)  
Tags
 
Matchup
PvP
Replay Pack
me
Add a new tag
Caveats
  • Supply blocks, unpowered buildings, or Contaminate may cause inaccurate times.
  • Supply counts are checked every 10 seconds.